 Dungeon Crawl Stone Soup version 0.22-a0-407-gb098539 (webtiles) character file.

464 dstrtnsr the Cleaver (level 7, -3/63 HPs)
             Began as a Hill Orc Berserker on May 9, 2018.
             Was a Believer of Trog.
             Slain by a sky beast (6 damage)
             ... on level 5 of the Dungeon.
             The game lasted 00:02:33 (2568 turns).

dstrtnsr the Cleaver (Hill Orc Berserker)           Turns: 2568, Time: 00:02:34

Health: -3/63      AC:  2    Str: 22    XL:     7   Next: 7%
Magic:  7/7        EV: 12    Int:  7    God:    Trog [**....]
Gold:   47         SH:  0    Dex: 10    Spells: 6/6 levels left

rFire    . . .     SeeInvis .   a - +0 hand axe
rCold    . . .     Gourm    .   (no shield)
rNeg     . . .     Faith    .   b - +0 animal skin
rPois    .         Spirit   .   (no helmet)
rElec    .         Reflect  .   (no cloak)
rCorr    .         Harm     .   (no gloves)
MR       ++...                  (no boots)
Stlth    +.........             (no amulet)
HPRegen  1.20/turn              (no ring)
MPRegen  0.10/turn              (no ring)

@: berserk cooldown, regenerating, slowed, very slow
A: no striking features
a: Berserk, Trog's Hand, Renounce Religion


You were on level 5 of the Dungeon.
You worshipped Trog.
Trog was pleased with you.
You were very hungry.

You visited 1 branch of the dungeon, and saw 5 of its levels.

You collected 47 gold pieces.

Inventory:

Hand Weapons
 a - a +0 hand axe (weapon)
Missiles
 i - 2 throwing nets (quivered)
Armour
 b - a +0 animal skin (worn)
Wands
 C - a wand of acid (5)
Scrolls
 f - a scroll of teleportation {unknown}
 h - a scroll of fog {unknown}
 j - a scroll of identify {unknown}
Potions
 c - a potion of agility {unknown}
 g - 2 potions of flight {unknown}
Comestibles
 e - 4 rations {!d}


   Skills:
 + Level 6.1 Fighting
 * Level 8.7 Axes
 - Level 2.1 Armour
 - Level 1.5 Dodging


You had 6 spell levels left.
You didn't know any spells.

Dungeon Overview and Level Annotations

Branches:
Dungeon (5/15)
 Temple: D:4-7

Altars:

Annotations:
D:4 Edmund, Pikel


Message History

You feel yourself moving faster!
You feel mighty!
You are feeling hungry.
The orc priest miscasts a cantrip.
The orc hits you with a dagger.
You closely miss the orc. You barely miss the orc.
The orc hits you with a dagger.
You slash the orc!
You kill the orc!
Trog accepts your kill.
You hear some strange, mumbled words.
A puff of flame appears from out of thin air!
The puff of flame hits you!
The orc priest mumbles some strange prayers to Beogh against you.
Pain shoots through your body!
You see here a dagger.
The orc priest shouts, "Join the one true god or die!"
You hit the orc priest.
The orc priest is lightly wounded.
You miss something. Something hits you. The orc priest barely misses you.
You hit the orc priest.
The orc priest is moderately wounded.
You hit something but do no damage. You slash the orc priest!
You kill the orc priest!
Trog accepts your kill.
Your Fighting skill increases to level 6!
You have reached level 7!
You miss something. Something hits you.
No target in view!
You slash something!
You hear some strange, mumbled words.
A puff of flame appears from out of thin air!
The puff of flame hits you!
No target in view!
No target in view!
Unknown command.
You slash something! Trog accepts your kill.
Trog appreciates your killing of a magic user.
Reactivating autopickup.
You feel a bit more experienced.
No target in view!
Unknown command.
No target in view!
Things that are here:
a dagger; a robe; an orc corpse Unknown command.
No target in view!
You feel a strong urge to attack something.
You are no longer berserk.
You pass out from exhaustion.
You feel yourself slow down.
You can move again.
A sky beast comes into view.
You found a teleport trap!
You see here a sapphire potion.
You see here a sapphire potion.
c - a sapphire potion The sky beast flickers out of sight!
Deactivating autopickup; reactivate with Ctrl-A.
Something hits you. Something shocks you.
You hear the brisk hiss of an avalanche of sand nearby.
Something hits you. Something shocks you. Something hits you.
Something shocks you.
* * * LOW HITPOINT WARNING * * *
Something barely misses you.
Your skin crawls.
You feel resistant to hostile enchantments.
You are feeling very hungry.
Something hits you.
* * * LOW HITPOINT WARNING * * *
Something shocks you.
* * * LOW HITPOINT WARNING * * *
Unknown command.
Evoke which item? (* to show all) (? for menu, Esc to quit)
Aiming: Corrosive Bolt
Press: ? - help, Shift-Dir - straight line, f - you That beam is likely to hit you.
Continue anyway?
Okay, then.
Unknown command.
Evoke which item? (* to show all) (? for menu, Esc to quit)
Aiming: Corrosive Bolt
Press: ? - help, Shift-Dir - straight line Something hits you but does no damage.
Something hits you.
* * * LOW HITPOINT WARNING * * *
Something shocks you.
* * * LOW HITPOINT WARNING * * *
Unknown command.
Evoke which item? (* to show all) (? for menu, Esc to quit)
Aiming: Corrosive Bolt
Press: ? - help, Shift-Dir - straight line Something hits you but does no damage.
Unknown command.
Evoke which item? (* to show all) (? for menu, Esc to quit)
Aiming: Corrosive Bolt
Press: ? - help, Shift-Dir - straight line Something hits you.
* * * LOW HITPOINT WARNING * * *
Something shocks you.
You die...

#.###.#... #.# #.....
#.# #.....
##.#########.###..###
.................>...
...
..####.#######...#..
#..##
####'###..........
#..#.
##.....##.###.#...#
#... #.@..[.#
#<[.#..## #^.#
#.{....# ###.#.###
#..##.###### #.#.# #
#.....)[.### ..#.# #
##.....)...# #.#.# #
##..####..# #.#.# #
......# .# #.#.# #
######## # #.#.#


There were no monsters in sight!

Vanquished Creatures
  A slave (D:5)
  An ogre (D:4)
  2 hounds (D:4)
  6 orc wizards
  2 orc priests
  An adder (D:3)
  2 oozes
  2 adder skeletons (D:4)
  2 worms
  2 dart slugs (D:3)
  6 leopard geckos
  7 orcs
  2 bats (D:2)
  2 giant cockroaches
  3 goblins
  4 hobgoblins
  4 jackals (D:5)
  A quokka (D:3)
  A ball python (D:3)
  A frilled lizard (D:4)
  A kobold (D:3)
  3 rats
56 creatures vanquished.

Vanquished Creatures (others)
  An orc wizard (D:3)
1 creature vanquished.

Grand Total: 57 creatures vanquished

Notes
Turn   | Place    | Note
-------+----------+-------------------------------------------
     0 | D:1      | dstrtnsr the Hill Orc Berserker began the quest for the Orb.
     0 | D:1      | Reached XP level 1. HP: 19/19 MP: 1/1
   146 | D:2      | HP: 5/20 [hobgoblin (4)]
   433 | D:2      | Reached XP level 2. HP: 16/27 MP: 2/2
   433 | D:2      | HP: 10/27 [hobgoblin/club (6)]
   440 | D:2      | HP: 9/27 [bat (1)]
   697 | D:3      | Reached skill level 5 in Axes
   697 | D:3      | Reached XP level 3. HP: 33/33 MP: 3/3
   707 | D:3      | Reached XP level 4. HP: 37/41 MP: 4/4
   861 | D:3      | Reached skill level 6 in Axes
   866 | D:3      | Reached XP level 5. HP: 47/47 MP: 5/5
   874 | D:3      | HP: 11/47 [orc wizard/magic dart (9)]
  1130 | D:3      | Reached skill level 5 in Fighting
  1251 | D:4      | Reached ** piety under Trog
  1325 | D:4      | Noticed Pikel
  1325 | D:4      | Noticed a slave
  1325 | D:4      | Noticed a slave
  1327 | D:4      | Noticed a slave
  1327 | D:4      | Noticed Edmund
  1328 | D:4      | Noticed a slave
  1338 | D:4      | HP: 21/72 [slave[Pikel] (10)]
  1338 | D:4      | HP: 7/72 [Pikel/whip of freezing (5)]
  1424 | D:3      | Reached skill level 7 in Axes
  1928 | D:4      | Reached XP level 6. HP: 56/56 MP: 6/6
  2128 | D:5      | Entered Level 5 of the Dungeon
  2183 | D:5      | Killed a slave
  2201 | D:5      | HP: 22/57 [jackal (1)]
  2208 | D:5      | HP: 21/57 [jackal (1)]
  2317 | D:4      | Reached skill level 8 in Axes
  2547 | D:5      | Reached XP level 7. HP: 63/63 MP: 7/7
  2562 | D:5      | HP: 25/63 [something (3)]
  2565 | D:5      | HP: 8/63 [something (5)]
  2566 | D:5      | HP: 2/63 [something (5)]
  2568 | D:5      | Slain by a sky beast

Vault maps used:
D:1:      ncdulo_lavacross, hangedman_decor_opposing
D:2:      minmay_split_cup_large
D:3:      first_ration, gup_sewer_entry_spiral
D:4:      dk_noncrumbling_2, uniq_edmund, uniq_pikel
D:5:      nemelex_altar_shiori, nicolae_ossuary_entry_giza

Skill      XL: |  1  2  3  4  5  6 |
---------------+-------------------+-----
Fighting       | 4 5 6 |  6.1
Axes           | 5 6 7 8 |  8.7
Armour         | |  2.1
Dodging        | |  1.5

Action                   |  1- 3 |  4- 6 |  7- 9 || total
-------------------------+-------+-------+-------++-------
Melee: Hand axe          |    53 |   158 |     2 ||   213
Invok: Berserk           |     2 |     9 |       ||    11
       Trog's Hand       |       |       |     1 ||     1
Evoke: Wand              |       |       |     3 ||     3
  Use: Scroll            |       |     1 |       ||     1
  Eat: Chunk             |       |    15 |       ||    15
Armor: Animal skin       |     6 |     9 |     2 ||    17
Dodge: Dodged            |    46 |    98 |     1 ||   145

Table legend:
 A = Spawn XP
 B = Non-spawn XP
 C = Spawn XP percentage of total XP
 D = Spawn monster count
 E = Non-spawn monster count
 F = Spawn count percentage of total count
 G = Total turns spent on level
                    A         B        C        D         E        F      G
               +---------+---------+-------+---------+---------+-------+---------
         Total |       0 |     663 |   0.0 |       0 |      56 |   0.0 |  2568
               +---------+---------+-------+---------+---------+-------+---------
           D:1 |       0 |       5 |   0.0 |       0 |       3 |   0.0 |   134
           D:2 |       0 |      12 |   0.0 |       0 |       7 |   0.0 |   555
           D:3 |       0 |     231 |   0.0 |       0 |      20 |   0.0 |   926
           D:4 |       0 |     321 |   0.0 |       0 |      18 |   0.0 |   561
           D:5 |       0 |      94 |   0.0 |       0 |       8 |   0.0 |   392
               +---------+---------+-------+---------+---------+-------+---------
